 Dungeon Crawl Stone Soup version 0.27-a0-1066-g29160eaed2 (webtiles) character file.

Game seed: 7893657436545528205

514 LordDeathwing the Poker (level 7, -1/61 HPs)
             Began as a Minotaur Fighter on Apr 24, 2021.
             Was an Initiate of Elyvilon.
             Slain by Pikel
             ... wielding a +0 whip of electrocution
              (4 damage)
             ... on level 4 of the Dungeon.
             The game lasted 00:14:16 (4828 turns).

LordDeathwing the Poker (Minotaur Fighter)          Turns: 4828, Time: 00:14:16

Health: -1/61      AC: 11    Str: 23    XL:     7   Next: 0%
Magic:  6/6        EV:  9    Int:  5    God:    Elyvilon [......]
Gold:   161        SH:  0    Dex:  9    Spells: 6/6 levels left

rFire    . . .     SeeInvis .   p - +0 scythe (protect)
rCold    . . .     Faith    .   (shield currently unavailable)
rNeg     . . .     Spirit   .   b - +0 scale mail
rPois    .         Reflect  .   (helmet restricted)
rElec    .         Harm     .   (no cloak)
rCorr    .         Rampage  .   m - +2 pair of gloves
Will     .....                  k - +0 pair of boots
Stlth    ..........             (no amulet)
HPRegen  0.20/turn              n - ring of flight
MPRegen  0.10/turn              (no ring)

@: flying
A: horns 2, retaliatory headbutt
a: Renounce Religion


You were on level 4 of the Dungeon.
You worshipped Elyvilon.
Elyvilon was noncommittal.
You visited 2 branches of the dungeon, and saw 6 of its levels.

You collected 161 gold pieces.

Inventory:

Hand Weapons
 a - a +0 trident
 p - a +0 scythe of protection (weapon)
Armour
 b - a +0 scale mail (worn)
 c - a +0 kite shield
 k - a +0 pair of boots (worn)
 m - a +2 pair of gloves (worn)
Jewellery
 n - a ring of flight (left hand)
Scrolls
 g - 4 scrolls of identify
 h - a scroll of blinking {unknown}
 o - 4 scrolls of noise {unknown}
 q - a scroll of acquirement {unknown}
 r - a scroll of amnesia {unknown}
 t - a scroll of enchant armour {unknown}
 v - a scroll of fear {unknown}
Potions
 d - a potion of might
 e - a potion of attraction
 f - a potion of heal wounds {unknown}
 i - a potion of curing {unknown}
 j - a potion of brilliance {unknown}
 l - a potion of flight {unknown}
 u - a potion of magic {unknown}


   Skills:
 + Level 5.5 Fighting
 * Level 6.2 Polearms
 + Level 5.4 Armour
 - Level 4.8 Shields


You had 6 spell levels left.
You didn't know any spells.
Your spell library was empty.

Dungeon Overview and Level Annotations

Branches:
Dungeon (5/15)             Temple (1/1) D:4

Altars:
Cheibriados
Dithmenos
Elyvilon
Gozag
Hepliaklqana
Okawaru
Trog
Vehumet
Wu Jian
Xom
Yredelemnul

Shops:
D:1 =

Annotations:
D:4 1 runed translucent door, Crazy Yiuf, Pikel
D:5 Grinder


Innate Abilities, Weirdness & Mutations

You have a pair of horns on your head.
You reflexively headbutt those who attack you in melee.


Message History

You furiously retaliate!
You headbutt the ball python!
You kill the ball python!
The lemure hits you but does no damage.
Pikel says, "Hell isn't that bad."
Pikel hits you but does no damage. The lemure completely misses you.
You barely miss Pikel. The lemure hits you but does no damage.
The lemure completely misses you. The lemure hits you!
Pikel hits you but does no damage. The lemure hits you.
* * * LOW HITPOINT WARNING * * *
The lemure barely misses you. The lemure hits you but does no damage.
The lemure hits you.
* * * LOW HITPOINT WARNING * * *
The lemure hits you but does no damage. Pikel hits you but does no damage.
The lemure closely misses you. The lemure hits you.
* * * LOW HITPOINT WARNING * * *
The lemure barely misses you. The lemure barely misses you.
You furiously retaliate!
You headbutt the lemure!
There is a stone staircase leading down here.
The lemure hits you but does no damage.
You fly downwards.
Grinder comes into view.
Grinder shouts!
Found a stone staircase leading down.
There is a stone staircase leading up here.
The lemure barely misses you. x2
You fly upwards.
Level annotation: 1 runed translucent door, Crazy Yiuf, Pikel Pikel closely misses you.
Pikel hits you but does no damage.
There is a stone staircase leading down here.
Pikel hits you with a +0 whip of electrocution.
* * * LOW HITPOINT WARNING * * *
Okay, then.
As you read the scroll labelled YSIYS FY RUU, it crumbles to dust.
It is a scroll of identify.
e - a potion of attraction Pikel hits you with a +0 whip of electrocution.
* * * LOW HITPOINT WARNING * * *
You closely miss Pikel.
Pikel hits you with a +0 whip of electrocution.
You die...

#......##.##......# #........###
.....###≈.§####...# ##........#.
.....####.## #...## ##..........
......##≈>≈# ###...###........)†.
####...##.####.........#####.....
##...#§.≈#.......#...# #...#..
#.†#.##.##.....##5...####..##..
##..#....###....##>.#..##.......
##..###..## ##..@#55##...........
....# #.>## #.5K#..###...#...##.
...## ##..####..5..###..###..##
...####........##5†...........#
....#.#.####..####............#
#...#...# #.## ##..........##
.......### #.# #..........#
#........###.# #...........#
#.##.........# #............


You could see Pikel and 3 lemures.

Vanquished Creatures
  Sigmund (D:2)
  A necrophage (D:4)
  Jessica (D:3)
  An iguana (D:4)
  A hound skeleton (D:4)
  4 gnolls (D:3)
  11 adders
  A worm (D:3)
  A dart slug (D:2)
  3 orcs
  5 ball pythons
  8 endoplasms
  6 goblins
  6 hobgoblins
  3 jackals (D:2)
  3 quokkas
  7 bats
  3 frilled lizards
  9 kobolds
  3 rats
78 creatures vanquished.

Notes
Turn   | Place    | Note
-------+----------+-------------------------------------------
     0 | D:1      | LordDeathwing the Minotaur Fighter began the quest for the
                  | Orb.
     0 | D:1      | Reached XP level 1. HP: 19/19 MP: 0/0
    82 | D:1      | Found Sixturr's Jewellery Emporium.
   282 | D:1      | Reached XP level 2. HP: 22/27 MP: 1/1
   289 | D:1      | Reached skill level 3 in Polearms
  1025 | D:2      | Reached XP level 3. HP: 32/33 MP: 2/2
  1095 | D:2      | Noticed Sigmund
  1339 | D:2      | Reached XP level 4. HP: 40/40 MP: 3/3
  1416 | D:2      | Reached skill level 4 in Polearms
  2391 | D:2      | Killed Sigmund
  2392 | D:2      | Reached skill level 5 in Polearms
  2392 | D:2      | Reached XP level 5. HP: 6/47 MP: 4/4
  2767 | D:3      | Reached XP level 6. HP: 55/55 MP: 5/5
  2871 | D:3      | Noticed Jessica
  2878 | D:3      | Killed Jessica
  2899 | D:3      | Found a white marble altar of Elyvilon.
  3111 | D:3      | Reached skill level 5 in Fighting
  3117 | D:3      | Reached skill level 5 in Armour
  3761 | D:3      | Became a worshipper of Elyvilon the Healer
  3936 | D:4      | Reached skill level 6 in Polearms
  3964 | D:4      | Found a staircase to the Ecumenical Temple.
  4065 | D:4      | Found a radiant altar of Vehumet.
  4084 | D:4      | Found a runed translucent door.
  4085 | D:4      | Noticed Crazy Yiuf
  4143 | Temple   | Entered the Ecumenical Temple
  4796 | D:4      | Noticed Pikel
  4804 | D:4      | Reached XP level 7. HP: 42/61 MP: 6/6
  4819 | D:5      | Entered Level 5 of the Dungeon
  4819 | D:5      | Noticed Grinder
  4827 | D:4      | HP: 2/61 [Pikel/+0 whip of electrocution (4)]
  4828 | D:4      | Slain by Pikel

Illustrated notes

Levels and vault maps discovered:
D:1:      dpeg_arrival_ternary, layout_basic, serial_shops,
          nicolae_shop_temple_entry_statues_fountains
D:2:      layout_rooms, minmay_misc_feat_doors, uniq_sigmund
D:3:      layout_loops_corners, lemuel_coloured_pillars_altar, uniq_jessica
D:4:      layout_layer_cave, lemuel_doored_altar,
          minmay_temple_entry_metal_lava, uniq_pikel, uniq_crazy_yiuf_cottage
D:5:      layout_rooms, hangedman_abyss_or_decor_lesser_grid, solitary_fountain,
          lemuel_another_geyser, uniq_grinder
Temple:   grunt_temple_mini_profane

Skill      XL: |  1  2  3  4  5  6 |
---------------+-------------------+-----
Polearms       | 3 5 6 |  6.2
Fighting       | 4 5 |  5.5
Armour         | 4 5 |  5.4
Shields        | 4 |  4.8

Action                   |  1- 3 |  4- 6 |  7- 9 || total
-------------------------+-------+-------+-------++-------
Melee: Trident           |    82 |    64 |       ||   146
       Headbutt          |    13 |    13 |     1 ||    27
       Scythe            |       |    70 |     3 ||    73
Throw: Throwing net      |       |     1 |       ||     1
  Use: Scroll            |       |       |     1 ||     1
Armor: Scale mail        |    44 |   108 |     9 ||   161
Dodge: Dodged            |    33 |    61 |    11 ||   105
Block: Kite shield       |    43 |    33 |       ||    76

Table legend: (Time is in decaauts)
 A = Elapsed time spent in this place.
 B = Non-inter-level travel time spent in this place.
 C = Inter-level travel time spent in this place.
 D = Time resting spent in this place.
 E = Time spent auto-exploring this place.
 F = Levels seen in this place.
 G = Mean time per level.
                   A        B        C        D        E       F      G
               +--------+--------+--------+--------+--------+-----+--------+
         Total |   4933 |   4732 |    201 |   1406 |   2406 |   6 |  822.2 |
       Dungeon |   4495 |   4294 |    201 |   1306 |   2205 |   5 |  899.0 |
        Temple |    437 |    437 |      0 |    100 |    201 |   1 |  437.0 |
               +--------+--------+--------+--------+--------+-----+--------+

Top non-repeatable levels by time:
     D:3: 1802 daAuts
     D:1: 1074 daAuts
     D:2: 1034 daAuts
     D:4: 582 daAuts
  Temple: 437 daAuts
     D:5: 1 daAuts
